 Dungeon Crawl Stone Soup version 0.30.1-11-g7821555f0a (webtiles) character file.

Game seed: 5847157145495900612

422 H0rd4k the Charlatan (level 7, 0/50 HPs)
             Began as a Human Artificer on Nov 7, 2023.
             Slain by a kobold brigand
             ... wielding a +0 whip
              (5 damage)
             ... in a sewer.
             The game lasted 00:04:26 (3164 turns).

H0rd4k the Charlatan (Human Artificer)              Turns: 3164, Time: 00:04:27

Health: 0/50       AC:  6    Str: 12    XL:     7   Next: 17%
Magic:  7/7        EV: 12    Int: 13    God:
Gold:   209        SH:  0    Dex: 14    Spells: 6/6 levels left

rFire   . . .        g - +0 mace
rCold   . . .        (no shield)
rNeg    . . .        b - +0 leather armour
rPois   .            s - +2 hat
rElec   .            (no cloak)
rCorr   .            i - +0 pair of gloves
SInv    .            (no boots)
Will    .....        (no amulet)
Stlth   +            f - ring of wizardry
HPRegen 0.28/turn    (no ring)
MPRegen 0.10/turn

%: wizardry (x1)
@: no status effects
A: no striking features
a: no special abilities


You were in a sewer.
You visited 1 branch of the dungeon, and saw 4 of its levels.
You also visited: Sewer.

You collected 209 gold pieces.

Inventory:

Hand Weapons
 g - a +0 mace (weapon)
Armour
 b - a +0 leather armour (worn)
 i - a +0 pair of gloves (worn)
 s - a +2 hat (worn)
Magical Staves
 n - a staff of cold
Jewellery
 f - a ring of wizardry (left hand)
Wands
 d - a wand of charming (6)
 e - a wand of iceblast (3)
Scrolls
 a - 3 scrolls of teleportation {unknown}
 h - 2 scrolls of acquirement {unknown}
 j - a scroll of summoning {unknown}
 k - 4 scrolls of identify {unknown}
 l - a scroll of magic mapping {unknown}
 q - a scroll of fog {unknown}
 r - a scroll of fear {unknown}
 u - a scroll of noise {unknown}
 v - a scroll of poison {unknown}
 y - a scroll of brand weapon {unknown}
Potions
 m - 2 potions of curing {unknown}
 o - a potion of mutation {unknown}
 p - a potion of haste {unknown}
 t - a potion of invisibility {unknown}
 w - a potion of degeneration {unknown}
 x - 2 potions of attraction {unknown}
 z - 2 potions of brilliance {unknown}
 A - 2 potions of might {unknown}
 B - a potion of heal wounds {unknown}
 C - a potion of lignification {unknown}
 D - a potion of flight {unknown}


   Skills:
 + Level 2.2 Fighting
 + Level 4.3 Maces & Flails
 - Level 2.0 Armour
 + Level 3.1 Dodging
 - Level 1.0 Stealth
 + Level 4.5 Evocations


You had 6 spell levels left.
You didn't know any spells.
Your spell library contained the following spells:

 Spells                   Type           Power      Damage    Failure   Level
 Sandblast                Erth           0%         2d4       16%         1
 Passwall                 Tmut/Erth      0%         N/A       24%         2
 Stone Arrow              Conj/Erth      0%         3d7       41%         3


Dungeon Overview and Level Annotations

Branches:
Dungeon (4/15)              Sewer (1/1)
 Temple: D:4-7

Altars:


Message History

The kobold brigand hits you with a +0 whip. x2
You hit the kobold brigand.
The kobold brigand is moderately wounded.
The kobold brigand hits you with a +0 whip.
You closely miss the kobold brigand.
The kobold brigand is moderately wounded.
The kobold brigand hits you with a +0 whip.
You hit the kobold brigand.
The kobold brigand is heavily wounded.
The kobold brigand closely misses you.
You hit the kobold brigand.
The kobold brigand is severely wounded.
The kobold brigand barely misses you.
You barely miss the kobold brigand.
The kobold brigand is severely wounded.
The kobold brigand hits you with a +0 whip!
You hit the kobold brigand but do no damage.
The kobold brigand is severely wounded.
The kobold brigand hits you with a +0 whip!
The kobold brigand hits you with a +0 whip.
* * * LOW HITPOINT WARNING * * *
You barely miss the kobold brigand.
The kobold brigand is severely wounded.
The kobold brigand barely misses you.
You hit the kobold brigand.
The kobold brigand is severely wounded.
The kobold brigand hits you with a +0 whip!
* * * LOW HITPOINT WARNING * * *
You hit the kobold brigand but do no damage.
The kobold brigand is severely wounded.
The kobold brigand closely misses you.
You hit the kobold brigand.
The kobold brigand is severely wounded.
The kobold brigand misses you.
Aiming: Charm
Press: ? - help, Shift-Dir - straight line, f - kobold brigand
Aim: a kobold brigand, wielding a +0 whip and quivering poisoned darts (severely wounded, chance to affect: 60%)
The kobold brigand resists with significant effort.
The kobold brigand hits you with a +0 whip.
You die...

#≈≈.# #~~.# ### #~~.# #.#
#~≈.# #.# ##~..#
########.#########.≈~.#
#≈≈≈.≈~#~≈≈~~≈≈≈≈~≈~~.#
#~≈≈~~≈~~~.≈)≈≈≈~~~~≈.#
#≈≈~~~≈#.....)K@......#
#≈≈≈≈≈~#.........###..##
#≈≈≈≈≈~#...#≈≈≈≈≈≈#≈≈~.##
#≈≈≈≈≈~#...#≈≈≈≈≈≈#~≈≈#.##
#≈≈≈≈≈~≈...#≈≈≈≈≈≈#≈≈≈##.##
#≈≈≈≈≈≈#...≈≈≈≈≈≈≈#≈≈≈###.##
#≈≈≈≈≈≈#.).#≈≈≈≈≈≈#≈≈≈#
##.##
#≈≈≈≈≈~≈...≈≈≈≈≈≈≈#≈≈≈# ##.#
#≈≈≈≈≈~#...≈≈≈≈≈≈ #≈≈≈# ###


You could see a kobold brigand.

Vanquished Creatures
  Grinder (Sewer)
  An ogre (D:4)
  A quasit (Sewer)
  An adder (D:3)
  A gnoll (D:1)
  4 ufetubi (Sewer)
  A worm (D:2)
  2 dart slugs
  An orc (D:4)
  5 bats
  2 endoplasms
  2 giant cockroaches (D:4)
  5 goblins
  4 hobgoblins
  3 jackals (D:3)
  18 kobolds
  2 quokkas
  7 ball pythons
  4 frilled lizards (D:1)
  6 rats
71 creatures vanquished.

Vanquished Creatures (collateral kills)
  A shadow imp (Sewer)
  4 kobolds (Sewer)
5 creatures vanquished.

Vanquished Creatures (others)
  A quasit (Sewer)
  A giant cockroach zombie (Sewer)
2 creatures vanquished.

Grand Total: 78 creatures vanquished

Notes
Turn   | Place    | Note
-------+----------+-------------------------------------------
     0 | D:1      | H0rd4k the Human Artificer began the quest for the Orb.
     0 | D:1      | Reached XP level 1. HP: 15/15 MP: 1/1
    21 | D:1      | Reached XP level 2. HP: 21/21 MP: 2/2
   362 | D:1      | Reached XP level 3. HP: 16/26 MP: 3/3
   858 | D:2      | Reached skill level 1 in Maces & Flails
  1330 | D:2      | Found a faded altar of an unknown god.
  1562 | D:3      | Reached XP level 4. HP: 32/32 MP: 4/4
  2185 | D:4      | Noticed an ogre
  2187 | D:4      | HP: 1/32 [ogre/+0 giant club (31)]
  2189 | D:4      | Killed an ogre
  2190 | D:4      | Reached XP level 5. HP: 1/38 MP: 5/5
  2653 | D:4      | Found a glowing drain.
  2676 | Sewer    | Entered a sewer
  2902 | Sewer    | Reached XP level 6. HP: 44/44 MP: 6/6
  2911 | Sewer    | Noticed Grinder
  3022 | Sewer    | Killed Grinder
  3023 | Sewer    | Reached XP level 7. HP: 25/50 MP: 7/7
  3164 | Sewer    | Slain by a kobold brigand

Illustrated notes

Levels and vault maps discovered:
D:1:      saegor_arrival_simple_d, layout_basic, minmay_pentomino_u2
D:2:      layout_basic, hellmonk_ecumenical_altar_crossroads, kennysheep_path_1
D:3:      layout_basic
D:4:      layout_loops_ring, gup_sewer_entry_bowl
Sewer:    kennysheep_sewer_church

Skill      XL: |  1  2  3  4  5  6 |
---------------+-------------------+-----
Evocations     | 4 |  4.5
Maces & Flails | 1 3 4 |  4.3
Dodging        | 2 3 |  3.1
Fighting       | 2 |  2.2
Armour         | |  2.0
Stealth        | |  1.0

Action                     |  1- 3 |  4- 6 |  7- 9 || total
---------------------------+-------+-------+-------++-------
  Melee: Club              |    22 |       |       ||    22
         Mace              |    64 |   130 |    12 ||   206
         Punch             |       |     3 |       ||     3
  Evoke: Wand              |     6 |    19 |     1 ||    26
   Stab: Sleeping          |     1 |     2 |       ||     3
         Betrayed ally     |       |     1 |       ||     1
 Armour: Leather armour    |    43 |    77 |       ||   120
  Dodge: Dodged            |    76 |   155 |     6 ||   237
